 Dungeon Crawl Stone Soup version 0.17-a0-2127-g1cb09f6 (webtiles) character file.

215 tp1 the Magician (level 5, -1/28 HPs)
             Began as a Deep Elf Conjurer on Oct 23, 2015.
             Slain by an orc
             ... wielding a +0 hand axe
              (3 damage)
             ... on level 5 of the Dungeon.
             The game lasted 00:24:30 (6111 turns).

tp1 the Magician (Deep Elf Conjurer)                Turns: 6111, Time: 00:24:31

Health: -1/28      AC:  6    Str:  5    XL:     5   Next: 60%
Magic:  2/15       EV: 11    Int: 21    God:
Gold:   114        SH:  4    Dex: 15    Spells: 4 memorised, 5 levels left

rFire  . . .     SeeInvis .     E - +0 rapier
rCold  . . .     Clarity  .     r - +0 leather armour
rNeg   . . .     SustAt   .     v - +0 buckler
rPois  .         Gourm    .     y - +0 helmet
rElec  .         Spirit   .     (no cloak)
rCorr  .         Warding  .     (no gloves)
rMut   .         Stasis   .     (no boots)
MR     .....                    (no amulet)
Stlth  ++........               (no ring)
                                D - +2 ring of protection

@: not resistant to hostile enchantments, unstealthy
A: no striking features
a: no special abilities


You were on level 5 of the Dungeon.
You were not hungry.

You visited 2 branches of the dungeon, and saw 6 of its levels.

You collected 114 gold pieces.

Inventory:

Hand Weapons
 f - a +0 dagger
 g - a +0 short sword
 k - a +0 short sword
 E - a +0 rapier (weapon)
Armour
 a - a +0 robe
 e - a +0 robe
 l - a +0 leather armour
 r - a +0 leather armour (worn)
 v - a +0 buckler (worn)
 y - a +0 helmet (worn)
Jewellery
 s - an uncursed amulet of warding {unknown}
 D - a +2 ring of protection (left hand)
Wands
 n - a wand of cold (15)
Scrolls
 d - 2 scrolls of fear
 h - 2 scrolls of noise
 i - a scroll of magic mapping {unknown}
 j - 2 scrolls of amnesia
 o - 2 scrolls of recharging
 p - 2 scrolls of teleportation
 q - a scroll of enchant weapon {unknown}
 t - 3 scrolls of enchant armour
 w - 2 scrolls of immolation {unknown}
 x - a scroll of fog {unknown}
 B - a scroll of remove curse {unknown}
Potions
 z - a potion of invisibility
 A - a potion of curing {unknown}
Books
 b - a book of Conjurations

   Spells                             Type                      Level
   a - Magic Dart                     Conjuration                  1
   b - Searing Ray                    Conjuration                  2
   c - Dazzling Spray                 Conjuration/Hexes            3
   d - Fulminant Prism                Conjuration/Hexes            4
   e - Iskenderun's Mystic Blast      Conjuration                  4
   f - Iskenderun's Battlesphere      Conjuration/Charms           5
Comestibles
 c - 5 bread rations
 m - a meat ration
 u - 2 fruits


   Skills:
 + Level 1.6 Armour
 - Level 2.4 Dodging
 - Level 2.4 Stealth
 - Level 1.0 Shields
 - Level 6.0 Spellcasting
 - Level 5.0 Conjurations
 + Level 2.0 Charms


You had 5 spell levels left.
You knew the following spells:

 Your Spells              Type           Power        Failure   Level  Hunger
a - Magic Dart            Conj           ####         2%          1    None
b - Searing Ray           Conj           ####..       4%          2    None
c - Dazzling Spray        Conj/Hex       ###.....     24%         3    ##.....
d - Iskenderun's Battles  Conj/Chrm      ###.....     98%         5    #####..


Dungeon Overview and Level Annotations

Branches:
Dungeon (5/15)             Temple (1/1) D:4

Altars:
Ashenzari
Dithmenos
Elyvilon
Fedhas
Gozag
Kikubaaqudgha
Nemelex Xobeh
Okawaru
Qazlal
Ru
Sif Muna
Trog
Xom
Yredelemnul
Zin
The Shining One

Annotations:
D:2 1 exclusion
D:4 septik's ghost, amateur MiGl
D:5 tp1's ghost, amateur DECj


Message History

Casting: Magic Dart
Confirm with . or Enter, or press ? or * to list all spells.
Aiming: Magic Dart
Press: ? - help, Shift-Dir - straight line, f/p - orc wizard
Aim: an orc wizard, wielding a dagger and wearing a robe (almost dead)
The magic dart hits the orc wizard.
The orc wizard is almost dead.
Something hits you. The orc hits you with a hand axe.
The orc wizard hits you with a dagger.
* * * LOW HITPOINT WARNING * * *
You hit the orc wizard.
You kill the orc wizard!
Your Charms skill increases to level 2!
Something hits you but does no damage.
You hear some strange, mumbled words.
A magic dart appears from out of thin air!
The magic dart hits you!
* * * LOW HITPOINT WARNING * * *
The orc hits you with a hand axe.
You die...

.......# ##.........#
........##..........#
........##..........##
.........#........##.#
.........#........####
..................#
..................#
.........# .......@)#
.......o## . .##....a#
c... ###..#. .... ###
. .... .. ..## .. #.#
##. ..


You could see a worker ant and an orc.

Vanquished Creatures
  An orc priest (D:5)
  An orc wizard (D:5)
  3 adders
  3 oozes (D:1)
  An adder skeleton (D:5)
  6 worms
  3 orcs
  8 bats
  10 giant cockroaches
  9 hobgoblins
  8 jackals
  5 quokkas
  A ball python (D:3)
  5 giant geckos
  6 giant newts
  7 goblins
  11 kobolds
  7 rats
95 creatures vanquished.

Notes
Turn   | Place    | Note
--------------------------------------------------------------
     0 | D:1      | tp1 the Deep Elf Conjurer began the quest for the Orb.
     0 | D:1      | Reached XP level 1. HP: 10/10 MP: 6/6
   322 | D:1      | Reached XP level 2. HP: 15/15 MP: 6/8
   334 | D:1      | Learned a level 2 spell: Searing Ray
   463 | D:1      | Found an iron altar of Okawaru.
   723 | D:1      | Reached XP level 3. HP: 19/19 MP: 6/11
   789 | D:1      | Learned a level 3 spell: Dazzling Spray
   873 | D:1      | Reached skill level 5 in Spellcasting
  1378 | D:1      | Found an iron altar of Okawaru.
  1699 | D:2      | Found a shimmering altar of Xom.
  1957 | D:2      | Reached skill level 5 in Conjurations
  1957 | D:2      | Reached XP level 4. HP: 24/24 MP: 9/13
  2405 | D:2      | Found a shimmering altar of Xom.
  2958 | D:3      | Found a sparkling altar of Nemelex Xobeh.
  3041 | D:3      | Reached skill level 6 in Spellcasting
  3772 | D:4      | Noticed septik's ghost (amateur MiGl)
  3795 | D:4      | Reached skill level 1 in Shields
  3909 | D:4      | Found a staircase to the Ecumenical Temple.
  3916 | Temple   | Entered the Ecumenical Temple
  4550 | D:3      | Found a sparkling altar of Nemelex Xobeh.
  5101 | D:3      | Reached XP level 5. HP: 28/28 MP: 12/15
  5108 | D:3      | Learned a level 5 spell: Iskenderun's Battlesphere
  5853 | D:4      | Found a glowing golden altar of the Shining One.
  5926 | D:5      | Entered Level 5 of the Dungeon
  5951 | D:5      | Noticed a centaur
  5981 | D:5      | Noticed tp1's ghost (amateur DECj)
  6014 | D:5      | Reached skill level 1 in Armour
  6101 | D:5      | Reached skill level 1 in Charms
  6111 | D:5      | Slain by an orc

Vault maps used:
D:1:      minmay_arrival_diagonal_passages, okawaru_ov_weapons_minmay
D:2:      lemuel_crystal_altar
D:3:      nemelex_deck, kennysheep_flooded_box, hangedman_decor_growths,
          minivault_26
D:4:      tso_oasis_becter, minmay_temple_entry_trees
D:5:      nicolae_ossuary_entry_giza, first_bread
Temple:   circular_temple_12

Action                   |  1- 3 |  4- 6 || total
-------------------------+-------+-------++-------
Melee: Dagger            |     9 |       ||     9
       Unarmed           |     2 |       ||     2
       Short sword       |     4 |     1 ||     5
       Rapier            |       |     3 ||     3
 Cast: Magic Dart        |    86 |   116 ||   202
       Searing Ray       |       |     7 ||     7
       Dazzling Spray    |       |     2 ||     2
  Use: Scroll            |       |     6 ||     6
       Potion            |       |     4 ||     4
  Eat: Chunk             |     1 |    10 ||    11
       Pizza             |     1 |       ||     1
       Fruit             |       |     2 ||     2
       Beef jerky        |       |     1 ||     1
